 Dungeon Crawl Stone Soup version 0.17-a0-1313-ge10e169 (webtiles) character file.

241 Sommunist the Ruffian (level 5, -9/47 HPs)
             Began as a Minotaur Monk on June 9, 2015.
             Mangled by veccon's ghost (11 damage)
             ... on level 4 of the Dungeon.
             The game lasted 00:09:26 (2543 turns).

Sommunist the Ruffian (Minotaur Monk)               Turns: 2543, Time: 00:09:26

Health: -9/47      AC:  5    Str: 16    XL:     5   Next: 80%
Magic:  4/4        EV: 14    Int:  7    God:
Gold:   140        SH:  0    Dex: 13    Spells: 0 memorised, 4 levels left

rFire  . . .     SeeInvis .       - Unarmed
rCold  . . .     Clarity  +     e - +0 robe
rNeg   . . .     SustAt   .     (no shield)
rPois  .         Gourm    .     (helmet restricted)
rElec  .         Spirit   .     (no cloak)
rCorr  .         Warding  .     (no gloves)
rMut   .         Stasis   .     m - +2 pair of boots
MR     .....                    i - amulet of clarity
Stlth  +++.......               (no ring)
                                n - ring of stealth

@: not resistant to hostile enchantments, fairly stealthy
A: retaliatory headbutt, horns 2
a: no special abilities


You were on level 4 of the Dungeon.
You were not hungry.

You visited 1 branch of the dungeon, and saw 4 of its levels.

You collected 140 gold pieces.

Inventory:

Missiles
 g - 60 stones (quivered)
Armour
 e - a +0 robe (worn)
 m - a +2 pair of boots (worn)
Jewellery
 h - an uncursed ring of teleportation
 i - an amulet of clarity (around neck)
 n - a ring of stealth (left hand)
Magical devices
 o - a wand of slowing (39)
Scrolls
 k - 2 scrolls of remove curse
 l - a scroll of amnesia {unknown}
 p - a scroll of identify {unknown}
 r - a scroll of fear {unknown}
 t - a scroll of noise {unknown}
 w - a scroll of enchant armour {unknown}
Potions
 a - a potion of mutation {unknown}
 c - 3 potions of curing {unknown}
 f - a potion of might {unknown}
 j - a potion of haste {unknown}
 q - a potion of magic {unknown}
 v - 2 potions of ambrosia {unknown}
Comestibles
 b - 3 bread rations
 d - 4 chunks of flesh
 s - a meat ration
 u - a beef jerky


   Skills:
 + Level 4.4 Fighting
 + Level 4.1 Dodging
 + Level 3.0 Stealth
 - Level 6.1 Unarmed Combat


You had 4 spell levels left.
You didn't know any spells.

Dungeon Overview and Level Annotations

Branches:
Dungeon (4/15)
 Temple: D:4-7

Altars:
Elyvilon
Zin

Annotations:
D:4 veccon's ghost, experienced HOFi


Innate Abilities, Weirdness & Mutations

You reflexively headbutt those who attack you in melee.
You have a pair of horns on your head.


Message History

You headbutt veccon's ghost, but do no damage.
You punch veccon's ghost!
Veccon's ghost is lightly damaged.
Veccon's ghost hits you.
* * * LOW HITPOINT WARNING * * *
You barely miss veccon's ghost. Your headbutt misses veccon's ghost.
Veccon's ghost is lightly damaged.
Veccon's ghost misses you.
You barely miss veccon's ghost.
Veccon's ghost is lightly damaged.
Veccon's ghost shrieks, "They lied to you.
The Dungeon just goes down and down forever."
Veccon's ghost closely misses you.
You barely miss veccon's ghost. You headbutt veccon's ghost.
Veccon's ghost is moderately damaged.
Veccon's ghost hits you!
* * * LOW HITPOINT WARNING * * *
You hit veccon's ghost. Your headbutt misses veccon's ghost.
Veccon's ghost is moderately damaged.
Veccon's ghost hits you!
You die...

....######.#.....>...............
###.# #.#..................... #
#.....###...)...)....... #
##..##.# ##.............. ###.#
##......# ##...........#.
......##.......## ######.....###
.........#......#######..........
..<...##........W...##......#####
..... #...>....@.#..............
...? ###......#...............#
... ##....#####..........#.. .O
##..## ##.......#.### . ####
##......#.## ########..........##
#####........##.#.##...#
##.....#########.#.###..# #######
#..##### #.#..##...


You could see veccon's ghost.

Vanquished Creatures
  A centaur skeleton (D:4)
  2 worker ants (D:4)
  An iguana (D:4)
  6 adders
  An ooze (D:3)
  3 worms
  2 giant geckos (D:1)
  An orc (D:3)
  8 bats
  A bat skeleton (D:4)
  2 giant cockroaches
  10 goblins
  4 hobgoblins
  9 jackals
  6 kobolds
  A quokka (D:4)
  2 ball pythons (D:2)
  6 giant newts
  A quokka skeleton (D:4)
  8 rats
75 creatures vanquished.

Notes
Turn   | Place    | Note
--------------------------------------------------------------
     0 | D:1      | Sommunist the Minotaur Monk began the quest for the Orb.
     0 | D:1      | Reached XP level 1. HP: 19/19 MP: 0/0
   227 | D:1      | Reached XP level 2. HP: 25/27 MP: 1/1
   549 | D:2      | Reached skill level 5 in Unarmed Combat
   549 | D:2      | Reached XP level 3. HP: 9/33 MP: 2/2
   922 | D:2      | Found a white marble altar of Elyvilon.
   922 | D:2      | Found a glowing silver altar of Zin.
   954 | D:2      | Reached XP level 4. HP: 40/40 MP: 3/3
  1820 | D:4      | Noticed veccon's ghost (experienced HOFi)
  1912 | D:4      | Reached XP level 5. HP: 39/46 MP: 4/4
  2227 | D:4      | Noticed an ogre
  2453 | D:4      | Reached skill level 6 in Unarmed Combat
  2542 | D:4      | HP: 2/47 [veccon's ghost (9)]
  2543 | D:4      | Mangled by veccon's ghost

Vault maps used:
D:1:      saegor_arrival_simple_d, minmay_ruptured
D:2:      gammafunk_temple_overflow_statue
D:3:      first_bread
D:4:      hangedman_decor_slide_cut

Action                   |  1- 3 |  4- 6 || total
-------------------------+-------+-------++-------
Melee: Unarmed           |    99 |   106 ||   205
Throw: Stone             |     5 |    11 ||    16
  Use: Scroll            |     4 |       ||     4
 Stab: Sleeping          |     4 |     7 ||    11
  Eat: Chunk             |       |     5 ||     5
